 Dungeon Crawl Stone Soup version 0.27-a0-668-gb5737ff2c0 (webtiles) character file.

Game seed: 6079680794731485502

16487 sanka the Spry (level 12, -10/95 HPs)
             Began as a Vampire Wanderer on Mar 17, 2021.
             Was a Believer of Ashenzari.
             Killed from afar by Fannar (22 damage)
             ... with a bolt of cold
             ... on level 11 of the Dungeon.
             The game lasted 00:36:56 (11329 turns).

sanka the Spry (Vampire Wanderer)                  Turns: 11329, Time: 00:36:56

Health: -10/95     AC: 12    Str: 12    XL:     12   Next: 10%
Magic:  0/15       EV: 32    Int: 17    God:    Ashenzari [**....]
Gold:   415        SH:  8    Dex: 39    Spells: 13/16 levels left

rFire    . . .     SeeInvis +   a - +7 whip of Tunnap {elec, rN+ Dex+9}
rCold    . . .     Faith    .   f - +0 buckler
rNeg     + . .     Spirit   +   q - +3 ring mail "Tethered Gloom" {Fort, Comp} (curse)
rPois    .         Reflect  .   j - +1 helmet "Ruined Together" {Int+3, Melee, Self} (curse)
rElec    .         Harm     .   (no cloak)
rCorr    .         Rampage  .   (no gloves)
Will     +....                  J - +0 pair of boots {Fly}
Stlth    ++++++....             G - amulet of guardian spirit
HPRegen  0.45/turn              g - ring "Bound Free Will" {Dex+6, Cun, Fort} (curse)
MPRegen  0.14/turn              m - ring of the Sibylline Prison {Dex+6, Alch, Bglg} (curse)

@: flying, regenerating quickly
A: alive, fangs 3, see invisible, unbreathing 1, vampiric 2
a: Exsanguinate, Stop Flying, Renounce Religion, Shatter the Chains


You were on level 11 of the Dungeon.
You worshipped Ashenzari.
Ashenzari was pleased with you.
You visited 2 branches of the dungeon, and saw 12 of its levels.
You also visited: Sewer and Bailey.

You collected 832 gold pieces.
You spent 417 gold pieces at shops.


Innate Abilities, Weirdness & Mutations

Your natural rate of healing is unusually fast.
You have razor-sharp teeth.
You have supernaturally acute eyesight. (SInv)
You can survive without breathing.
You are afflicted with vampirism and can become a bat while bloodless.


   Skills:
 - Level 7.5(9.0) Fighting
 - Level 2.3(3.6) Axes
 - Level 1.0(2.3) Maces & Flails
 - Level 2.4 Crossbows
 - Level 4.0(6.1) Armour
 - Level 16.0(17.1) Dodging
 + Level 9.7(11.1) Stealth
 - Level 1.0(2.3) Shields
 - Level 1.5(2.5) Spellcasting
 + Level 8.9(10.3) Hexes


You had 13 spell levels left.
You knew the following spells:

 Your Spells              Type           Power      Damage    Failure   Level
Z - Confusing Touch       Hex            37%        N/A       1%          3

Your spell library contained the following spells:

 Spells                   Type           Power      Damage    Failure   Level
 Corona                   Hex            41%        N/A       1%          1
 Animate Skeleton         Necr           4%         N/A       41%         1
 Apportation              Tloc           4%         N/A       41%         1
 Summon Small Mammal      Summ           8%         N/A       41%         1
 Gell's Gravitas          Tloc           1%         N/A       78%         3
 Metabolic Englaciation   Hex/Ice        9%         N/A       83%         5
 Yara's Violent Unravell  Hex/Tmut       10%        3d6       83%         5
 Petrify                  Tmut/Erth      2%         N/A       99%         4

Inventory:

Hand Weapons
 a - the +7 whip of Tunnap (weapon) {elec, rN+ Dex+9} Occasionally, upon striking a foe, it can discharge electrical energy and cause terrible harm. It affects your dexterity (+9). It protects you from negative energy.
 b - a +2 dagger of electrocution
Missiles
 e - 26 javelins
 x - 2 curare-tipped darts (quivered) {=f}
Armour
 f - a +0 buckler (worn)
 j - the cursed +1 helmet "Ruined Together" (worn) {Int+3, Melee, Self}

   It has a curse placed upon it.
 q - the cursed +3 ring mail "Tethered Gloom" (worn) {Fort, Comp}

   It has a curse placed upon it.
 J - a +0 pair of boots of flying (worn)
Magical Staves
 v - a staff of fire
 E - a staff of cold
Jewellery
 g - the cursed ring "Bound Free Will" (right hand) {Dex+6, Cun, Fort}

   [ring of dexterity]

   It affects your dexterity (+6).
   It has a curse placed upon it.
 m - the cursed ring of the Sibylline Prison (left hand) {Dex+6, Alch, Bglg}

   [ring of dexterity]

   It affects your dexterity (+6).
   It has a curse placed upon it.
 o - a +4 ring of evasion
 u - a ring of willpower
 D - a ring of wizardry
 F - an amulet of regeneration
 G - an amulet of guardian spirit (around neck)
 H - an amulet of reflection
 L - a ring of fire
Wands
 r - a wand of mindburst (4)
 t - a wand of acid (11)
 I - a wand of iceblast (14)
Scrolls
 h - 4 scrolls of fog
 n - 5 scrolls of enchant weapon
 s - 7 scrolls of teleportation {@r4}
 y - a scroll of magic mapping
 B - a scroll of summoning
 C - a scroll of blinking
 K - a scroll of enchant armour
Potions
 c - 4 potions of curing {@q1}
 d - 2 potions of might
 i - 4 potions of attraction {!q}
 k - 2 potions of mutation {!q}
 l - a potion of haste {@q3}
 p - 3 potions of heal wounds {@q2}
 w - 5 potions of flight
 z - a potion of brilliance
 A - 4 potions of lignification

Dungeon Overview and Level Annotations

Branches:
Dungeon (11/15)            Temple (1/1) D:7            Lair (0/6) D:10
    Orc (0/2) D:9           Sewer (visited)          Bailey (visited)

Altars:
Ashenzari
Cheibriados
Dithmenos
Elyvilon
Fedhas
Gozag
Kikubaaqudgha
Nemelex Xobeh
Okawaru
Qazlal
Ru
Sif Muna
Trog
Uskayaw
Wu Jian
Xom
Yredelemnul
Zin
The Shining One

Shops:
D:3 [   D:7 (?:[   D:8 =(   D:9 (=[?   D:10 (

Annotations:
D:11 Fannar

....▒, , , , , , ░ ....▒
▒▒▒▒▒▒▒+▒., ....▒ ░
▒........▒ ....▒ ,
▒........▒ , ....▒ ,
,,▒........+ ....+, ░
▒........▒ , ....▒, , ,
▒........▒ , ....▒ ░,
,▒.(e....(▒ ░ ....▒, ░ ,
▒.(V)....▒, , ....▒ , ,,
▒........▒. ,
....▒▒▒▒▒▒+▒▒▒..........
>..................▒▒▒▒▒
░ ..................£▒
................)..▒
...................▒
'▒▒▒...............▒
...▒...............▒▒▒▒▒▒


You could see Fannar (icy armour).


Message History

Fannar is severely wounded.
Fannar closely misses you.
You completely miss Fannar. You bite Fannar, but do no damage.
Fannar is severely wounded.
Fannar hits you with a +0 quarterstaff of freezing.
* * * LOW HITPOINT WARNING * * *
Fannar freezes you.
You closely miss Fannar.
Fannar is severely wounded.
Fannar hits you but does no damage.
You hit Fannar but do no damage. You bite Fannar, but do no damage.
Fannar is severely wounded.
Fannar completely misses you.
You closely miss Fannar. You bite Fannar, but do no damage.
Fannar is severely wounded.
You block Fannar's attack.
You hit Fannar but do no damage. You bite Fannar, but do no damage.
Fannar is severely wounded.
Fannar casts a spell at you. The bolt of cold hits you!!
* * * LOW HITPOINT WARNING * * *
You closely miss Fannar.
Fannar is severely wounded.
Fannar points at you and mumbles some strange words.
The bolt of cold hits you!!
You die...

Action                   |  1- 3 |  4- 6 |  7- 9 | 10-12 || total
-------------------------+-------+-------+-------+-------++-------
Melee: Hand axe          |    13 |       |       |       ||    13
       Battleaxe         |    49 |       |       |       ||    49
       Bite              |     8 |    14 |    79 |    82 ||   183
       Dagger            |    59 |   179 |   294 |       ||   532
       Whip              |       |       |   191 |   515 ||   706
Invok: Curse Item        |       |       |       |     4 ||     4
Evoke: Wand              |       |     3 |     4 |     1 ||     8
  Use: Potion            |       |       |     1 |     2 ||     3
       Scroll            |       |       |       |     1 ||     1
 Stab: Sleeping          |       |       |     2 |    16 ||    18
Armor: Scale mail        |    81 |   156 |   124 |     6 ||   367
       Ring mail         |       |       |       |    55 ||    55
Dodge: Dodged            |    75 |   132 |   549 |   653 ||  1409
Block: Buckler           |       |       |       |   135 ||   135

Levels and vault maps discovered:
D:1:      dpeg_arrival_boxes_within_box, layout_rooms, roderic_roman_lattice,
          amcnicky_mini_corridor_feature, minmay_tromino_i2
D:2:      layout_loops_ring
D:3:      layout_basic, serial_shops, shop, portal_sewer_entry_a,
          kennysheep_generic_room_8
D:4:      layout_loops_corners
D:5:      layout_gridville, basic_altar, uniq_grinder
D:6:      layout_basic, minivault_22, elyvilon_altar_4
D:7:      layout_basic, nicolae_gozag_conspicuous_consumption, temple_statues,
          enter_bailey_5, grunt_ministairs_8, minmay_shop_grid_forest,
          uniq_pikel
D:8:      layout_cave_pools, serial_shops, shop, serial_gnoll_camp,
          gnoll_camp_mini_hut, gnoll_camp_mini_basic, gnoll_camp_mini_shop,
          gnoll_camp_mini_hut, minmay_misc_feat_x, fedhas_altar_2
D:9:      layout_long_grid, kennysheep_orc_monster_closet_entryway,
          serial_shops, shop, nicolae_shop_stone, shop, shop_coins, uniq_erolcha
D:10:     minmay_angry_zag, layout_long_grid, lair_entry_dummy, serial_shops,
          nicolae_shop_overgrown_old_shop, minmay_crystal_room
D:11:     layout_gridville, corner_web_ring, uniq_fannar
Temple:   kilobyte_greek_temple

Notes
Turn   | Place    | Note
-------+----------+-------------------------------------------
     0 | D:1      | sanka the Vampire Wanderer began the quest for the Orb.
     0 | D:1      | sanka set off with the following items: a +0 hand axe, a +2
                  | scale mail, a potion of curing {@q1}
     0 | D:1      | Reached XP level 1. HP: 13/13 MP: 1/1
    49 | D:1      | Reached skill level 1 in Axes
   174 | D:1      | Reached XP level 2. HP: 19/19 MP: 2/2
   313 | D:1      | HP: 1/19 [gnoll/+0 flail (4)]
   430 | D:1      | Reached skill level 2 in Axes
   608 | D:1      | Gained mutation: You are afflicted with vampirism and can
                  | become a bat while bloodless. [Vampire growth]
   608 | D:1      | Reached XP level 3. HP: 20/25 MP: 3/3
   684 | D:1      | Reached skill level 1 in Fighting
  1574 | D:3      | Reached skill level 2 in Fighting
  1645 | D:2      | Reached XP level 4. HP: 33/33 MP: 4/4
  1727 | D:3      | Reached skill level 3 in Fighting
  1854 | D:3      | Reached XP level 5. HP: 41/41 MP: 5/5
  1894 | D:3      | Found a glowing drain.
  1920 | Sewer    | Entered a sewer
  2113 | Sewer    | Found a burning altar of Makhleb.
  2140 | Sewer    | Reached skill level 4 in Fighting
  2140 | Sewer    | Reached skill level 1 in Dodging
  2140 | Sewer    | Reached XP level 6. HP: 25/48 MP: 6/6
  2209 | Sewer    | Noticed Grinder
  2233 | Sewer    | Killed Grinder
  2234 | Sewer    | Reached skill level 4 in Armour
  2234 | Sewer    | Reached skill level 4 in Dodging
  2353 | Sewer    | Reached XP level 7. HP: 48/54 MP: 7/7
  2428 | Sewer    | Reached skill level 5 in Dodging
  2697 | D:3      | Found Xocwih's Armour Shoppe.
  3339 | D:4      | Reached skill level 6 in Dodging
  3530 | D:4      | Reached skill level 7 in Dodging
  3904 | D:4      | Reached XP level 8. HP: 57/60 MP: 8/8
  4250 | D:5      | Entered Level 5 of the Dungeon
  4250 | D:5      | Found an ornate altar of the Wu Jian Council.
  4524 | D:5      | Reached skill level 8 in Dodging
  4989 | D:6      | Reached skill level 9 in Dodging
  5297 | D:6      | Reached skill level 10 in Dodging
  5318 | D:6      | Identified the +7 whip of Tunnap {elec, rN+ Dex+9}
  5782 | D:7      | Found a staircase to the Ecumenical Temple.
  5788 | Temple   | Entered the Ecumenical Temple
  5823 | Temple   | Became a worshipper of Ashenzari the Shackled
  5823 | Temple   | Identified a scroll of acquirement
  5919 | D:7      | Reached XP level 9. HP: 66/66 MP: 9/9
  5947 | D:7      | Found an opulent altar of Gozag.
  5947 | D:7      | Found an opulent altar of Gozag.
  5972 | D:7      | Found an opulent altar of Gozag.
  5979 | D:7      | Found an opulent altar of Gozag.
  5984 | D:7      | Noticed Pikel
  6003 | D:7      | Killed Pikel
  6004 | D:7      | Reached skill level 5 in Fighting
  6004 | D:7      | Reached skill level 11 in Dodging
  6030 | D:7      | Found a flagged portal.
  6061 | Bailey   | Entered a bailey
  6267 | Bailey   | Reached skill level 6 in Fighting
  6267 | Bailey   | Reached skill level 12 in Dodging
  6419 | Bailey   | Identified a potion of experience
  6537 | Bailey   | Reached XP level 10. HP: 34/77 MP: 10/10
  6697 | Bailey   | Reached skill level 7 in Fighting
  6888 | Bailey   | Reached skill level 15 in Dodging
  6888 | Bailey   | Reached XP level 11. HP: 84/84 MP: 11/11
  6989 | D:7      | Acquired a +1 helmet of intelligence
  7089 | D:7      | Found Ujasosmo's Armour Shoppe.
  7093 | D:7      | Found Suism's Magic Scroll Shoppe.
  7100 | D:7      | Found Elea's Book Shoppe.
  7119 | D:7      | Found Aleler's Weapon Shoppe.
  7935 | D:7      | Bought a book of Misfortune for 260 gold pieces
  7939 | D:7      | Learned a level 3 spell: Confusing Touch
  8127 | D:8      | Reached skill level 1 in Hexes
  8154 | D:8      | Reached skill level 2 in Stealth
  8260 | D:8      | Found Tazxouwn's Jewellery Emporium.
  8262 | D:8      | Reached * piety under Ashenzari
  8334 | D:8      | Found a blossoming altar of Fedhas.
  8476 | D:8      | Found Xies's Weapon Boutique.
  8484 | D:8      | Reached skill level 2 in Hexes
  8874 | D:9      | Found Sarap's Jewellery Boutique.
  9008 | D:9      | Found Vumemuy's Weapon Boutique.
  9031 | D:9      | Reached skill level 3 in Stealth
  9100 | D:9      | Found Egeor's Antique Armour Shop.
  9100 | D:9      | Noticed Erolcha
  9112 | D:9      | Killed Erolcha
  9113 | D:9      | Reached skill level 4 in Stealth
  9113 | D:9      | Reached skill level 1 in Spellcasting
  9113 | D:9      | Reached skill level 3 in Hexes
  9127 | D:9      | Reached skill level 16 in Dodging
  9171 | D:9      | Bought a pair of glowing boots for 157 gold pieces
  9192 | D:9      | Found Cudoe's Magic Scroll Shop.
  9257 | D:9      | Found a staircase to the Orcish Mines.
  9266 | D:9      | Reached skill level 4 in Hexes
  9289 | D:9      | Reached skill level 5 in Stealth
  9307 | D:9      | Reached skill level 5 in Hexes
  9321 | D:9      | Reached skill level 6 in Stealth
  9541 | D:9      | Reached skill level 6 in Hexes
  9609 | D:9      | Reached skill level 7 in Stealth
  9735 | D:10     | Entered Level 10 of the Dungeon
  9735 | D:10     | Noticed a centaur warrior
  9777 | D:9      | Killed a centaur warrior
  9852 | D:9      | HP: 6/87 [gargoyle/stone arrow (22)]
  9854 | D:9      | Reached skill level 8 in Stealth
  9854 | D:9      | Reached skill level 7 in Hexes
 10068 | D:10     | Found a staircase to the Lair.
 10419 | D:10     | Found Fatuh's Antique Weapon Boutique.
 10697 | D:10     | Reached skill level 8 in Hexes
 10933 | D:11     | Reached skill level 9 in Stealth
 10933 | D:11     | Reached XP level 12. HP: 92/94 MP: 13/15
 10956 | D:11     | Noticed a centaur warrior
 10973 | D:11     | Killed a centaur warrior
 11116 | D:11     | Reached ** piety under Ashenzari
 11300 | D:11     | Noticed Fannar
 11329 | D:11     | Killed from afar by Fannar

Vanquished Creatures
  Erolcha (D:9)
  2 centaur warriors
  Pikel (D:7)
  A gargoyle (D:9)
  Grinder (Sewer)
  4 trolls (D:9)
  A wyvern (D:9)
  A vampire (D:11)
  A wraith (D:10)
  A water moccasin (D:10)
  17 orc warriors
  A hornet zombie (D:11)
  2 ice beasts
  4 sky beasts
  10 ogres
  A wolf (D:8)
  12 centaurs
  10 kobold brigands
  A phantom (D:11)
  6 bullfrogs
  3 gnoll sergeants
  A wyvern zombie (D:7)
  A wyvern skeleton (D:11)
  2 scorpions
  3 jellies
  6 killer bees (D:10)
  6 wights
  A howler monkey (D:7)
  2 bullfrog zombies (D:6)
  3 quasits
  2 bullfrog skeletons (D:6)
  6 hounds
  3 gnoll shamans
  3 orc priests
  4 iguanas
  6 orc wizards
  3 worker ants
  A worker ant zombie (D:9)
  A howler monkey skeleton (D:9)
  17 gnolls
  10 adders
  2 river rats (D:3)
  4 shadow imps
  2 white imps (D:7)
  9 ufetubi
  An adder skeleton (D:6)
  4 worms
  3 dart slugs
  8 leopard geckos
  57 orcs
  8 ball pythons
  11 giant cockroaches
  7 goblins
  5 hobgoblins
  25 jackals
  42 kobolds
  2 quokkas
  5 bats
  2 frilled lizards (D:4)
  A leopard gecko skeleton (D:7)
  12 rats
372 creatures vanquished.

Vanquished Creatures (others)
  An ooze (Sewer)
  2 kobolds (D:11)
  6 plants (D:10)
9 creatures vanquished.

Grand Total: 381 creatures vanquished
